 Dungeon Crawl Stone Soup version 0.25.1-2-g60ff931df9 (webtiles) character file.

Game seed: 14175305973860543397

308 KyoPewz the Conjurer (level 6, 0/34 HPs)
             Began as a Deep Elf Conjurer on Oct 17, 2020.
             Was an Initiate of Vehumet.
             Slain by an orc wizard
             ... wielding a +0 dagger
              (4 damage)
             ... on level 4 of the Dungeon.
             The game lasted 00:20:26 (4042 turns).

KyoPewz the Conjurer (Deep Elf Conjurer)            Turns: 4042, Time: 00:20:26

Health: 0/34       AC:  3    Str:  5    XL:     6   Next: 17%
Magic:  6/15       EV: 13    Int: 28    God:    Vehumet [......]
Gold:   163        SH:  0    Dex: 15    Spells: 5/15 levels left

rFire    . . .     SeeInvis .   o - +0 falchion
rCold    . . .     Gourm    .   (no shield)
rNeg     . . .     Faith    .   l - +0 robe (curse)
rPois    .         Spirit   .   (no helmet)
rElec    .         Reflect  .   i - +0 cloak
rCorr    .         Harm     .   (no gloves)
MR       .....                  (no boots)
Stlth    +++.......             (no amulet)
HPRegen  0.11/turn              h - +6 ring of intelligence
MPRegen  0.14/turn              b - ring of stealth

@: mighty
A: no striking features
a: Renounce Religion


You were on level 4 of the Dungeon.
You worshipped Vehumet.
Vehumet was noncommittal.
You were not hungry.

You visited 2 branches of the dungeon, and saw 5 of its levels.

You collected 163 gold pieces.

Inventory:

Hand Weapons
 o - a +0 falchion (weapon)
   (You took it off an orc on level 4 of the Dungeon)
Armour
 a - a +0 robe
 i - a +0 cloak (worn)
   (You found it on level 1 of the Dungeon)
 l - a cursed +0 robe (worn)
   (You found it on level 4 of the Dungeon)
Jewellery
 b - a ring of stealth (right hand)
   (You found it on level 1 of the Dungeon)
 h - a +6 ring of intelligence (left hand)
   (You found it on level 2 of the Dungeon)
Wands
 c - a wand of disintegration (9)
   (You found it on level 3 of the Dungeon)
Scrolls
 g - 4 scrolls of remove curse {@r2}
 k - a scroll of magic mapping
 m - a scroll of fog {unknown}
 r - a scroll of noise {unknown}
Potions
 d - a potion of magic
 f - 2 potions of might
 n - a potion of haste {unknown}
 q - a potion of mutation {!q}
 s - a potion of curing {unknown}
Comestibles
 e - 9 rations {!d}
 p - 2 chunks of flesh


   Skills:
 - Level 1.1 Fighting
 - Level 2.4 Dodging
 - Level 2.4 Stealth
 - Level 5.0 Spellcasting
 + Level 6.1 Conjurations
 - Level 3.0 Hexes
 + Level 2.2 Translocations


You had 5 spell levels left.
You knew the following spells:

 Your Spells              Type           Power        Failure   Level  Hunger
a - Magic Dart            Conj           ####         1%          1    None
b - Dazzling Flash        Conj/Hex       ####..       3%          3    #......
s - Searing Ray           Conj           #####.       1%          2    None
x - Iskenderun's Mystic   Conj/Tloc      ####....     12%         4    ###....

Your spell library contained the following spells:

 Spells                   Type           Power        Failure   Level  Hunger
 Fulminant Prism          Conj/Hex       ####......   11%         4    ###....


Dungeon Overview and Level Annotations

Branches:
Dungeon (4/15)             Temple (1/1) D:4

Altars:
Ashenzari
Cheibriados
Dithmenos
Elyvilon
Fedhas
Gozag
Hepliaklqana
Kikubaaqudgha
Makhleb
Nemelex Xobeh
Okawaru
Ru
Sif Muna
Trog
Uskayaw
Vehumet
Wu Jian
Xom
Yredelemnul
Zin
The Shining One


Message History

The worker ant misses you.
The orc wizard is dazzled.
The worker ant is dazzled.
The orc priest is dazzled.
The orc wizard hits you but does no damage.
The worker ant bites you.
The spell is quite dangerous to cast (13% risk of failure)!
Continue anyway?
You erupt in a blast of force!
The mystic blast misses the orc priest.
The mystic blast hits the orc wizard!
The orc wizard is knocked back by the mystic blast.
The orc wizard collides with the orc priest!
The mystic blast hits the worker ant!
The worker ant is knocked back by the mystic blast.
The worker ant slams into the rock wall!
You hear a shout!
The orc wizard hits you but does no damage.
The worker ant closely misses you.
You feel very mighty all of a sudden. The worker ant closely misses you.
You riposte.
You catch the helpless worker ant completely off-guard!
You slash the worker ant!
You kill the worker ant!
Vehumet accepts your kill.
The orc wizard hits you with a +0 dagger.
You barely miss the orc wizard.
The orc priest is no longer blind.
The orc wizard casts a cantrip, but nothing happens.
The orc priest invokes the aid of Beogh against you.
Beogh smites you!
* * * LOW HITPOINT WARNING * * *
You don't have enough magic to cast that spell.
Magic courses through your body. The orc barely misses you.
You riposte.
You slash the orc!
You kill the orc!
Vehumet accepts your kill. The orc wizard misses you.
The orc wizard is dazzled.
The orc wizard hits you but does no damage.
The orc wizard gestures wildly while chanting.
The orc wizard blinks!
The orc priest is dazzled.
The orc wizard points at you and mumbles some strange words.
The puff of frost misses you.
The orc wizard is dazzled.
The orc priest is dazzled.
The orc wizard is dazzled.
The orc wizard hits you with a +0 dagger.
* * * LOW HITPOINT WARNING * * *
The orc wizard barely misses you. The orc wizard closely misses you.
You closely miss the orc wizard. The orc wizard closely misses you.
The orc wizard miscasts a cantrip.
The orc wizard hits you with a +0 dagger.
You die...

*,,, *,** *,** ########### *,,,
..........# **** ..........#
###### ..........#
#....###########
..........########.##....o.o.....
..........'...#.@oo.#............
..........###.#o##..#............
......[...# #.#..a..#.o...o......
..........# #)#.o...#..o.÷.......
..........# #.##.o.o..##########†
######'#### #.........# ******,
#####.##***#####....##****,,,**,
##...)..#,...............,,,,,,+,
......÷.#*###############**,,,**,


You could see an orc priest (blind) and 2 orc wizards.

Vanquished Creatures
  A hound (D:4)
  A centaur skeleton (D:4)
  2 orc wizards (D:4)
  2 worker ants (D:4)
  3 gnolls (D:3)
  2 adders
  An adder skeleton (D:4)
  4 worms
  6 leopard geckos
  4 orcs
  A ball python (D:2)
  12 bats
  8 giant cockroaches
  8 goblins
  5 hobgoblins
  2 jackals (D:2)
  6 kobolds
  4 quokkas
  A frilled lizard (D:1)
  2 leopard gecko skeletons (D:4)
  A quokka skeleton (D:4)
  7 rats
83 creatures vanquished.

Notes
Turn   | Place    | Note
-------+----------+-------------------------------------------
     0 | D:1      | KyoPewz the Deep Elf Conjurer began the quest for the Orb.
     0 | D:1      | Reached XP level 1. HP: 10/10 MP: 6/6
   415 | D:1      | Reached XP level 2. HP: 15/15 MP: 4/8
  1094 | D:2      | Learned a level 2 spell: Searing Ray
  1644 | D:2      | Reached skill level 5 in Conjurations
  1644 | D:2      | Reached XP level 3. HP: 19/19 MP: 4/10
  2183 | D:3      | Learned a level 3 spell: Dazzling Flash
  2457 | D:3      | Reached skill level 1 in Hexes
  2547 | D:3      | Reached XP level 4. HP: 23/24 MP: 7/12
  3150 | D:4      | Reached skill level 1 in Fighting
  3150 | D:4      | Reached XP level 5. HP: 29/29 MP: 5/14
  3156 | D:4      | Learned a level 4 spell: Iskenderun's Mystic Blast
  3320 | D:4      | Reached skill level 5 in Spellcasting
  3379 | D:4      | Reached skill level 1 in Translocations
  3489 | D:4      | Found a staircase to the Ecumenical Temple.
  3507 | D:4      | Reached XP level 6. HP: 31/34 MP: 6/15
  3513 | Temple   | Entered the Ecumenical Temple
  3821 | Temple   | Became a worshipper of Vehumet
  3906 | D:4      | Reached skill level 6 in Conjurations
  4042 | D:4      | Slain by an orc wizard

Illustrated notes

Levels and vault maps discovered:
D:1:      dpeg_arrival_prison, layout_loops_corners, serial_bayou_crossing
D:2:      layout_loops_ring, first_ration, hangedman_feature_mirror,
          minmay_tromino_v7
D:3:      layout_basic, kennysheep_generic_room_10
D:4:      cheibrodos_greedy_goblins, layout_basic,
          minmay_temple_entry_stoned_glass, serial_curves, eino_curves_02,
          eino_curves_04
Temple:   roderic_octagonal_lattice_temple

Skill      XL: |  1  2  3  4  5  6 |
---------------+-------------------+-----
Spellcasting   | 4 5 |  5.0
Conjurations   | 5 6 |  6.1
Hexes          | 1 2 3 |  3.0
Fighting       | 1 |  1.1
Translocations | 1 2 |  2.2
Dodging        | |  2.4
Stealth        | |  2.4

Action                   |  1- 3 |  4- 6 || total
-------------------------+-------+-------++-------
Melee: Unarmed           |     5 |       ||     5
       Falchion          |       |     2 ||     2
 Cast: Magic Dart        |   114 |    63 ||   177
       Searing Ray       |       |     4 ||     4
       Dazzling Flash    |       |     6 ||     6
       Iskenderun's Myst |       |     1 ||     1
Evoke: Wand              |       |     3 ||     3
  Use: Scroll            |       |    10 ||    10
       Potion            |       |     2 ||     2
 Stab: Invisible         |       |     1 ||     1
  Eat: Chunk             |     5 |     4 ||     9
Armor: Robe              |     3 |     3 ||     6
Dodge: Dodged            |     7 |    17 ||    24
       Rpst.: Falchion   |       |     4 ||     4
